 Dungeon Crawl Stone Soup version 0.22.0-49-gab54619 (webtiles) character file.

3054 Folque the Orthodox (level 9, -21/84 HPs)
             Began as an Ogre Arcane Marksman on Sept 6, 2018.
             Was an Elder of Zin.
             Demolished by Gastronok (30 damage)
             ... on level 8 of the Dungeon.
             The game lasted 01:11:25 (8303 turns).

Folque the Orthodox (Ogre Arcane Marksman)          Turns: 8303, Time: 01:11:26

Health: -21/84     AC:  6    Str: 19    XL:     9   Next: 87%
Magic:  3/15       EV: 16    Int: 18    God:    Zin [****..]
Gold:   250        SH:  0    Dex: 14    Spells: 1/18 levels left

rFire    . . .     SeeInvis .   p - +1 short sword (elec)
rCold    . . .     Gourm    .   (no shield)
rNeg     . . .     Faith    .   a - +1 robe
rPois    ∞         Spirit   .   (helmet restricted)
rElec    .         Reflect  .   (no cloak)
rCorr    .         Harm     .   (gloves unavailable)
MR       .....                  (boots unavailable)
Stlth    +.........             (no amulet)
HPRegen  0.24/turn              e - ring of wizardry
MPRegen  0.14/turn              k - +6 ring of evasion

@: vitalised, marked
A: large, unfitting armour, icy blue scales 1, low mp 1, tough skin 1
a: Recite, Vitalisation, Imprison, Donate Gold, Renounce Religion


You were on level 8 of the Dungeon.
You worshipped Zin.
Zin was greatly pleased with you.
You were near starving.

You visited 2 branches of the dungeon, and saw 9 of its levels.

You collected 359 gold pieces.
You donated 109 gold pieces to Zin.

Inventory:

Hand Weapons
 i - a +1 spear
 p - a +1 short sword of electrocution (weapon)
 s - a +0 whip of flaming
 w - a +0 hunting sling
 A - the +4 hand axe "Numurghoo" {freeze, +Fly rElec MP+9 Dex-4}
   (You found it on level 5 of the Dungeon)

   It has been specially enchanted to freeze those struck by it, causing extra
   injury to most foes and up to half again as much damage against particularly
   susceptible opponents.
   It can also slow down cold-blooded creatures.
   It affects your dexterity (-4).
   It insulates you from electricity.
   It affects your magic capacity (+9).
   It lets you fly.
Missiles
 h - 17 poisoned needles
 t - 4 large rocks (quivered)
 x - 37 sling bullets
Armour
 a - a +1 robe (worn)
 r - a +0 shield
Jewellery
 e - a ring of wizardry (left hand)
 k - a +6 ring of evasion (right hand)
 m - an uncursed ring of ice
Wands
 c - a wand of paralysis (13)
Scrolls
 b - a scroll of noise {unknown}
 g - a scroll of immolation {unknown}
 l - 4 scrolls of remove curse
 n - 2 scrolls of fear
 q - 2 scrolls of blinking {unknown}
 y - a scroll of enchant armour
 z - a scroll of enchant weapon
 C - a scroll of identify
Potions
 j - 2 potions of brilliance {unknown}
 o - 3 potions of curing {unknown}
 v - a potion of might {unknown}
 B - a potion of resistance {unknown}
Comestibles
 f - 14 rations


   Skills:
 + Level 4.1 Fighting
 - Level 1.9(3.4) Slings
 - Level 5.9(6.2) Throwing
 - Level 2.1 Dodging
 - Level 5.2 Spellcasting
 - Level 6.2 Hexes
 + Level 1.3 Translocations
 - Level 3.1 Fire Magic
 * Level 2.1 Earth Magic
 - Level 7.0 Invocations


You had one spell level left.
You knew the following spells:

 Your Spells              Type           Power        Failure   Level  Hunger
a - Corona                Hex            ####...      1%          1    None
b - Slow                  Hex            ####....     1%          2    #......
c - Inner Flame           Hex/Fire       ###.....     2%          3    ##.....
d - Portal Projectile     Hex/Tloc       ###...       3%          3    ##.....
e - Cause Fear            Hex            ####......   4%          4    ####...
f - Leda's Liquefaction   Hex/Erth       ###.......   9%          4    ####...

Your spell library contained the following spells:

 Spells                   Type           Power        Failure   Level  Hunger
 Flame Tongue             Conj/Fire      ##...        2%          1    None
 Magic Dart               Conj           #...         5%          1    None
 Throw Flame              Conj/Fire      ##....       4%          2    #......
 Dazzling Spray           Conj/Hex       ###...       4%          3    ##.....
 Searing Ray              Conj           #.....       9%          2    #......
 Conjure Flame            Conj/Fire      ##......     9%          3    ##.....
 Fulminant Prism          Conj/Hex       ###.......   14%         4    ####...
 Sticky Flame             Conj/Fire      ##......     26%         4    ####...
 Force Lance              Conj/Tloc      #.......     36%         4    ####...
 Iskenderun's Mystic Bla  Conj           #.......     45%         4    ####...
 Fireball                 Conj/Fire      ##........   56%         5    ######.


Dungeon Overview and Level Annotations

Branches:
Dungeon (8/15)             Temple (1/1) D:5
   Lair: D:8-11

Altars:
Ashenzari
Cheibriados
Dithmenos
Elyvilon
Fedhas
Gozag
Hepliaklqana
Kikubaaqudgha
Makhleb
Nemelex Xobeh
Okawaru
Qazlal
Ru
Sif Muna
Trog
Uskayaw
Wu Jian
Xom
Yredelemnul
Zin
The Shining One

Annotations:
D:6 2 runed doors, Kay's ghost, novice DsBe
D:8 Gastronok; Harold


Innate Abilities, Weirdness & Mutations

You are too large for most types of armour.
You have tough skin. (AC +1)
You are partially covered in icy blue scales. (AC +2)
Your magical capacity is low. (-10% MP)


Message History

The mark upon you grows brighter.
Gastronok gurgles.
Gastronok bites you!!
* * * LOW HITPOINT WARNING * * *
There are monsters nearby!
You feel much better. Harold hits you with a long sword!
You hit Harold but do no damage.
Harold is moderately wounded.
Harold thinks, and says "Perhaps I'll take up model-building after I'm done Harold hits you with a long sword.
Gastronok wobbles crazily.
You hit Harold. Lightning courses through Harold!
Harold is heavily wounded.
Harold completely misses you.
You hit Harold.
Harold is heavily wounded.
Harold hits you with a long sword!!
* * * LOW HITPOINT WARNING * * *
Gastronok bites you!!
You die...

#.#.#...
..# #.w@#
##........
#..@#
#.......
#.%.#
#......
#####
#......
#......
.......
#......
......
......
######


You could see Gastronok and Harold.

Vanquished Creatures
  Pikel (D:3)
  2 hippogriffs (D:7)
  A wyvern (D:5)
  A hungry ghost (D:8)
  An orc warrior (D:3)
  A sky beast (D:5)
  The ghost of Folque the Grasshopper, an amateur DrWr (D:3)
  A necrophage (D:6)
  2 ogres
  4 centaurs
  A big kobold (D:7)
  A bullfrog (D:6)
  2 scorpions
  A bullfrog zombie (D:5)
  A jelly (D:6)
  An orc priest (D:6)
  3 hounds
  6 orc wizards
  An iguana (D:4)
  Natasha (thrice) (D:4)
  5 worker ants
  A hound zombie (D:5)
  A hound skeleton (D:8)
  2 worker ant zombies
  7 gnolls
  8 adders
  2 adder zombies (D:6)
  3 worms
  A dart slug (D:2)
  4 leopard geckos
  13 orcs
  2 ball pythons (D:4)
  5 giant cockroaches
  8 goblins
  9 hobgoblins
  6 jackals
  A quokka (D:7)
  5 bats
  4 frilled lizards
  13 kobolds
  A leopard gecko skeleton (D:5)
  3 quokka skeletons
  13 rats
152 creatures vanquished.

Vanquished Creatures (others)
  A giant cockroach (D:4)
1 creature vanquished.

Grand Total: 153 creatures vanquished

Notes
Turn   | Place    | Note
-------+----------+-------------------------------------------
     0 | D:1      | Folque the Ogre Arcane Marksman began the quest for the
                  | Orb.
     0 | D:1      | Reached XP level 1. HP: 19/19 MP: 2/2
   152 | D:1      | Reached XP level 2. HP: 22/28 MP: 1/3
   619 | D:1      | Reached XP level 3. HP: 35/35 MP: 4/4
   629 | D:1      | Learned a level 2 spell: Slow
   836 | D:2      | Gained mutation: You are partially covered in molten
                  | scales. (AC +2) [potion of mutation]
   836 | D:2      | Gained mutation: Your magical capacity is low. (-10% MP)
                  | [potion of mutation]
   836 | D:2      | Lost mutation: You are partially covered in molten scales.
                  | (AC +2) [potion of mutation]
   836 | D:2      | Gained mutation: You are partially covered in icy blue
                  | scales. (AC +2) [potion of mutation]
   836 | D:2      | HP: 1/35 [leopard gecko (1)]
  1096 | D:1      | Reached XP level 4. HP: 14/42 MP: 0/7
  1163 | D:1      | Learned a level 3 spell: Inner Flame
  1781 | D:2      | Found a shattered altar of Ashenzari.
  1789 | D:2      | Reached skill level 1 in Fire Magic
  2419 | D:3      | Learned a level 3 spell: Portal Projectile
  2432 | D:3      | Found a glowing golden altar of the Shining One.
  2432 | D:3      | Found a white marble altar of Elyvilon.
  2432 | D:3      | Found a glowing silver altar of Zin.
  2438 | D:3      | Became a worshipper of Zin the Law-Giver
  2491 | D:3      | Reached XP level 5. HP: 49/49 MP: 8/8
  2659 | D:3      | Noticed an orc warrior
  2670 | D:3      | Killed an orc warrior
  2670 | D:3      | Reached XP level 6. HP: 40/57 MP: 0/9
  2712 | D:3      | Donated 34 gold pieces to Zin
  2955 | D:3      | Reached * piety under Zin
  3052 | D:3      | Found a runed door.
  3056 | D:3      | Noticed Folque's ghost (amateur DrWr)
  3300 | D:4      | Reached skill level 2 in Invocations
  3367 | D:4      | Reached XP level 7. HP: 25/66 MP: 3/11
  3629 | D:4      | Noticed Pikel
  3659 | D:3      | Killed Pikel
  3659 | D:3      | Reached skill level 5 in Spellcasting
  3659 | D:3      | Reached skill level 5 in Invocations
  3659 | D:3      | Reached XP level 8. HP: 24/74 MP: 5/14
  3661 | D:3      | Donated 40 gold pieces to Zin
  4007 | D:4      | Reached ** piety under Zin
  4050 | D:4      | Noticed Natasha
  4053 | D:4      | Killed Natasha
  4109 | D:4      | Reached skill level 6 in Invocations
  4336 | D:5      | Entered Level 5 of the Dungeon
  4341 | D:5      | Noticed a wyvern
  4347 | D:5      | Killed a wyvern
  4519 | D:4      | Noticed Natasha
  4522 | D:4      | Killed Natasha
  4534 | D:4      | Noticed Natasha
  4537 | D:4      | Killed Natasha
  4833 | D:5      | Found a basalt altar of Yredelemnul.
  4836 | D:5      | Found a deep blue altar of Sif Muna.
  4839 | D:5      | Found a shimmering altar of Xom.
  4868 | D:5      | Reached skill level 5 in Hexes
  5111 | D:5      | You fall through a shaft!
  5112 | D:6      | Found a large runed door.
  5113 | D:6      | Found a large runed door.
  5117 | D:6      | Noticed Kay's ghost (novice DsBe)
  5228 | D:6      | Reached skill level 1 in Slings
  5305 | D:6      | Reached XP level 9. HP: 80/80 MP: 11/15
  5582 | D:6      | Reached skill level 5 in Throwing
  5813 | D:6      | Found a shadowy altar of Dithmenos.
  5857 | D:6      | Reached *** piety under Zin
  6620 | D:5      | Found a staircase to the Ecumenical Temple.
  6623 | D:5      | Got a faintly glowing hand axe
  6627 | Temple   | Entered the Ecumenical Temple
  6746 | D:6      | Identified the +4 hand axe "Numurghoo" {freeze, +Fly rElec
                  | MP+9 Dex-4} (You found it on level 5 of the Dungeon)
  6835 | D:3      | Killed Folque's ghost
  7109 | D:6      | Found a glowing golden altar of the Shining One.
  7282 | D:7      | Reached **** piety under Zin
  7483 | D:7      | Reached skill level 7 in Invocations
  7492 | D:7      | Learned a level 4 spell: Cause Fear
  7497 | D:7      | Learned a level 4 spell: Leda's Liquefaction
  7701 | D:7      | Reached skill level 1 in Earth Magic
  7824 | D:7      | Reached skill level 1 in Translocations
  8093 | D:8      | Noticed Harold
  8097 | D:8      | Noticed Gastronok
  8303 | D:8      | Demolished by Gastronok

Skill      XL: |  1  2  3  4  5  6  7  8  9 |
---------------+----------------------------+-----
Fighting       | 2 4 |  4.1
Hexes          | 3 4 5 6 |  6.2
Spellcasting   | 3 5 |  5.2
Fire Magic     | 1 2 3 |  3.1
Dodging        | 2 |  2.1
Invocations    | 2 5 6 7 |  7.0
Throwing       | 4 5 |  5.9
Slings         | 1 |  1.9
Earth Magic    | 2 |  2.1
Translocations | 1 |  1.3

Action                   |  1- 3 |  4- 6 |  7- 9 || total
-------------------------+-------+-------+-------++-------
Melee: Unarmed           |    15 |       |       ||    15
       Spear             |   111 |   123 |    10 ||   244
       Short sword       |       |    20 |   149 ||   169
       Hunting sling     |       |       |     4 ||     4
 Fire: Hunting sling     |       |       |    61 ||    61
Throw: Large rock        |     8 |    11 |    39 ||    58
       Throwing net      |       |       |     4 ||     4
 Cast: Corona            |    23 |    34 |    51 ||   108
       Slow              |     4 |    14 |    48 ||    66
       Inner Flame       |       |     2 |    12 ||    14
       Portal Projectile |       |       |    23 ||    23
       Cause Fear        |       |       |     4 ||     4
Invok: Donate Gold       |       |     1 |     2 ||     3
       Recite            |       |       |    14 ||    14
       Vitalisation      |       |       |     1 ||     1
  Use: Potion            |     2 |       |     2 ||     4
       Scroll            |     1 |     5 |     2 ||     8
 Stab: Sleeping          |       |     2 |       ||     2
       Held in net/web   |       |       |     1 ||     1
       Invisible         |       |       |     1 ||     1
  Eat: Chunk             |     2 |     6 |    13 ||    21
       Ration            |       |     1 |     2 ||     3
Armor: Robe              |    30 |    37 |    31 ||    98
Dodge: Dodged            |    72 |    66 |   164 ||   302
